 Dungeon Crawl Stone Soup version 0.28.0 (webtiles) character file.

Game seed: 14170447237380077596

110 CronoTrigger the Conjurer (level 4, -4/27 HPs)
             Began as an Octopode Hedge Wizard on Feb 9, 2022.
             Slain by Ijyb (5 damage)
             ... on level 3 of the Dungeon.
             The game lasted 00:13:00 (1892 turns).

CronoTrigger the Conjurer (Octopode Hedge Wizard)   Turns: 1892, Time: 00:13:01

Health: -4/27      AC:  1    Str:  9    XL:     4   Next: 91%
Magic:  8/8        EV: 13    Int: 16    God:
Gold:   34         SH:  0    Dex: 13    Spells: 5/9 levels left

rFire   . . .      SeeInvis .   a - +0 dagger
rCold   . . .      Faith    .   (no shield)
rNeg    . . .      Spirit   .   b - +0 hat
rPois   .          Reflect  .   (no amulet)
rElec   .          Harm     .   (no ring)
rCorr   .          Rampage  .   (no ring)
Will    .....                   (no ring)
Stlth   +++.......              (no ring)
HPRegen 0.09/turn               (no ring)
MPRegen 0.11/turn               (no ring)
                                (no ring)
                                (no ring)

@: hasted, very quick
A: almost no armour, amphibious, 8 rings, camouflage 1, gelatinous body 1,
(nimble swimmer 1), tentacles
a: no special abilities


You were on level 3 of the Dungeon.
You visited 1 branch of the dungeon, and saw 3 of its levels.

You collected 34 gold pieces.

Inventory:

Hand Weapons
 a - a +0 dagger (weapon)
 c - a +0 hunting sling
Missiles
 f - 20 sling bullets
Armour
 b - a +0 hat (worn)
Potions
 g - a potion of degeneration {unknown}


   Skills:
 - Level 2.0 Dodging
 - Level 2.6 Stealth
 - Level 3.0 Spellcasting
 + Level 4.5 Conjurations
 - Level 1.0 Summonings
 - Level 1.0 Translocations


You had 5 spell levels left.
You knew the following spells:

 Your Spells              Type           Power      Damage    Failure   Level
a - Magic Dart            Conj           68%        1d6       3%          1
b - Mephitic Cloud        Conj/Pois/Air  7%         N/A       30%         3

Your spell library contained the following spells:

 Spells                   Type           Power      Damage    Failure   Level
 Pain                     Necr           8%         1d4       19%         1
 Slow                     Hex            8%         N/A       19%         1
 Blink                    Tloc           10%        N/A       19%         2
 Call Imp                 Summ           5%         N/A       19%         2
 Conjure Flame            Conj/Fire      9%         6-21      22%         3
 Confusing Touch          Hex            2%         N/A       50%         3
 Vampiric Draining        Necr           2%         2d6       50%         3
 Agony                    Necr           2%         N/A       99%         5
 Excruciating Wounds      Necr           1%         N/A       99%         5


Dungeon Overview and Level Annotations

Branches:
Dungeon (3/15)

Altars:
Kikubaaqudgha

Annotations:
D:3 Grinder, Ijyb


Innate Abilities, Weirdness & Mutations

You cannot wear most types of armour.
You are amphibious.
You can wear up to eight rings at the same time.
Your skin changes colour to match your surroundings (Stealth+).
Your rubbery body absorbs attacks. (AC +1, EV +1)
((You are camouflaged when in or above water. (Stealth+)))
You have tentacles for arms and can constrict up to eight enemies at once.


Message History

You can move again.
You feel better. Ijyb misses you.
Casting: Magic Dart (safe; 3% risk of failure)
Confirm with . or Enter, or press ? or * to list all spells.
Aiming: Magic Dart (safe; 3% risk of failure)
Press: ? - help, Shift-Dir - straight line, f - Ijyb
Aim: Ijyb, wielding a +0 club, wearing a +3 ring mail of fire resistance and carrying a wand of paralysis (1) (moderately wounded, 100% to hit)
The magic dart hits Ijyb but does no damage.
Ijyb is moderately wounded.
Ijyb closely misses you.
You hit Ijyb but do no damage. You grab Ijyb. You squeeze Ijyb.
Ijyb is heavily wounded.
You constrict Ijyb, but do no damage.
Ijyb zaps a wand.
You suddenly lose the ability to move!
You lose your grip on Ijyb.
The now-empty wand crumbles to dust.
Ijyb hits you with a +0 club.
* * * LOW HITPOINT WARNING * * *
Ijyb hits you with a +0 club.
* * * LOW HITPOINT WARNING * * *
You can move again.
You hit Ijyb but do no damage. Your grab misses Ijyb.
Ijyb is heavily wounded.
Ijyb barely misses you.
You closely miss Ijyb. Your grab misses Ijyb.
Ijyb is heavily wounded.
Ijyb hits you with a +0 club.
* * * LOW HITPOINT WARNING * * *
You hit Ijyb but do no damage. Your grab misses Ijyb.
Ijyb is heavily wounded.
Ijyb screams, "I cut your head off!" Ijyb misses you.
You hit Ijyb. Your grab misses Ijyb.
Ijyb is heavily wounded.
Ijyb hits you but does no damage.
You feel yourself speed up. Ijyb hits you with a +0 club.
* * * LOW HITPOINT WARNING * * *
You hit Ijyb but do no damage. You grab Ijyb.
Ijyb is heavily wounded.
You constrict Ijyb, but do no damage. Ijyb hits you with a +0 club.
You die...

####.# ..#.#
####.#.# ......#
#....# #....#
#....########
#...<@g.......5..##
#....#######......##
....$.... +[....w.#
......#### #.......#
...... +..S....#
...... #.......#
..... #.......#
#####
#############.#
#.............#


You could see Ijyb.

Vanquished Creatures
  A hound (D:2)
  4 adders (D:2)
  3 worms (D:2)
  3 dart slugs (D:1)
  4 endoplasms
  3 giant cockroaches
  3 goblins
  2 hobgoblins
  A kobold (D:1)
  6 bats
  A frilled lizard (D:1)
  2 rats
33 creatures vanquished.

Notes
Turn   | Place    | Note
-------+----------+-------------------------------------------
     0 | D:1      | CronoTrigger the Octopode Hedge Wizard began the quest for
                  | the Orb.
     0 | D:1      | Reached XP level 1. HP: 11/11 MP: 4/4
    49 | D:1      | Found Poenorgha's Distillery.
    94 | D:1      | Reached skill level 2 in Conjurations
    94 | D:1      | Reached XP level 2. HP: 10/17 MP: 6/6
   903 | D:2      | Reached skill level 3 in Conjurations
   903 | D:2      | Reached XP level 3. HP: 16/21 MP: 4/7
  1279 | D:2      | Reached XP level 4. HP: 27/27 MP: 1/8
  1288 | D:2      | Found an ancient bone altar of Kikubaaqudgha.
  1300 | D:2      | Learned a level 3 spell: Mephitic Cloud
  1367 | D:2      | Reached skill level 4 in Conjurations
  1734 | D:3      | Noticed Grinder
  1870 | D:3      | Noticed Ijyb
  1873 | D:3      | Paralysed by Ijyb for 2 turns
  1877 | D:3      | Paralysed by Ijyb for 5 turns
  1884 | D:3      | Paralysed by Ijyb for 3 turns
  1891 | D:3      | HP: 1/27 [Ijyb (1)]
  1892 | D:3      | Slain by Ijyb

Illustrated notes

Levels and vault maps discovered:
D:1:      wheals_arrival_linesprint, layout_loops_cross, serial_shops,
          nicolae_shop_hallway_plus
D:2:      layout_loops_ring, basic_altar
D:3:      layout_basic, uniq_ijyb, uniq_grinder

Skill      XL: |  1  2  3  4 |
---------------+-------------+-----
Conjurations   | 2 3 4 |  4.5
Dodging        | |  2.0
Stealth        | |  2.6
Spellcasting   | |  3.0
Summonings     | |  1.0
Translocations | |  1.0

Action                   |  1- 3 |  4- 6 || total
-------------------------+-------+-------++-------
Melee: Dagger            |    47 |    34 ||    81
       Constrict         |    12 |     7 ||    19
       Tentacles         |    11 |     5 ||    16
 Cast: Magic Dart        |    30 |     5 ||    35
  Use: Scroll            |     2 |       ||     2
       Potion            |       |     2 ||     2
 Stab: Sleeping          |     7 |     5 ||    12
Armor: Skin              |     3 |     4 ||     7
Dodge: Dodged            |    22 |    26 ||    48
